 Dungeon Crawl Stone Soup version 0.30.1-3-gfc49f6343a (webtiles) character file.

Game seed: 4938602235846885749

0 McKennaii the Conjurer (level 1, 0/14 HPs)
             Began as a Demigod Conjurer on Aug 1, 2023.
             Slain by a jackal (2 damage)
             ... on level 1 of the Dungeon.
             The game lasted 00:00:05 (49 turns).

McKennaii the Conjurer (Demigod Conjurer)             Turns: 49, Time: 00:00:05

Health: 0/14       AC:  2    Str:  8    XL:     1   Next: 6%
Magic:  3/5        EV: 12    Int: 20    God:
Gold:   0          SH:  0    Dex: 12    Spells: 2/3 levels left

rFire   . . .        (no weapon)
rCold   . . .        (no shield)
rNeg    . . .        a - +0 robe
rPois   .            (no helmet)
rElec   .            (no cloak)
rCorr   .            (no gloves)
SInv    .            (no boots)
Will    .....        (no amulet)
Stlth   ++           (no ring)
HPRegen 0.22/turn    (no ring)
MPRegen 0.09/turn

%: no passive effects
@: no status effects
A: high MP 1, forlorn, divine attributes
a: no special abilities


You were on level 1 of the Dungeon.
You visited 1 branch of the dungeon, and saw 1 of its levels.

Inventory:

Armour
 a - a +0 robe (worn)
Scrolls
 c - a scroll of identify {unknown}
Potions
 b - a potion of magic


   Skills:
 - Level 1.7 Dodging
 - Level 1.7 Stealth
 + Level 1.8 Spellcasting
 + Level 3.6 Conjurations


You had 2 spell levels left.
You knew the following spells:

 Your Spells              Type           Power      Damage    Failure   Level
a - Magic Dart            Conj           64%        1d6       3%          1

Your spell library contained the following spells:

 Spells                   Type           Power      Damage    Failure   Level
 Searing Ray              Conj           32%        2d5       5%          2
 Dazzling Flash           Conj/Hex       18%        N/A       22%         3
 Fulminant Prism          Conj/Hex       4%         3d5       58%         4
 Iskenderun's Mystic Bla  Conj/Tloc      9%         2d4       58%         4


Dungeon Overview and Level Annotations

Branches:
Dungeon (1/15)


Innate Abilities, Weirdness & Mutations

You have an increased reservoir of magic. (+10% MP)
You shall have no god before yourself.
Your divine heritage dramatically boosts your attributes as you level up.


Message History

The jackal is almost dead.
The jackal closely misses you. The jackal barely misses you.
You miscast Magic Dart.
You are very lightly contaminated with residual magic.
Nothing appears to happen.
The jackal bites you. The jackal closely misses you.
You hit the jackal but do no damage.
The jackal is almost dead.
The jackal bites you. x4
* * * LOW HITPOINT WARNING * * *
You are too injured to fight recklessly!
The jackal attacks as you move away! The jackal closely misses you.
The jackal attacks as you move away! The jackal barely misses you. x2
The jackal attacks as you move away! The jackal barely misses you.
Your magical contamination has completely faded away.
The jackal attacks as you move away! The jackal bites you.
* * * LOW HITPOINT WARNING * * *
The giant cockroach waves its antennae.
The jackal closely misses you.
You hit the jackal but do no damage.
The jackal is almost dead.
The jackal barely misses you. The jackal closely misses you.
The jackal misses you. The jackal bites you.
* * * LOW HITPOINT WARNING * * *
The jackal attacks as you move away! The jackal bites you.
* * * LOW HITPOINT WARNING * * *
You barely miss the jackal. The jackal closely misses you. x2
You closely miss the jackal. You punch the jackal, but do no damage.
The jackal closely misses you.
You closely miss the jackal. The jackal barely misses you.
The jackal closely misses you.
You barely miss the jackal. The jackal bites you.
* * * LOW HITPOINT WARNING * * *
You are too injured to fight recklessly!
You barely miss the jackal.
The jackal bites you but does no damage.
You are too injured to fight recklessly!
You closely miss the jackal. The jackal closely misses you. x2
You are too injured to fight recklessly!
You miss the jackal. The jackal bites you.
You die...

#.# #.# #.#
#.# #.#
##### #.#
#...###.#
+.<.'.#@#
#...#.#h#
#####.#h#
#.JB# ###.#
#.# #.#
########.##
....J.....#


You could see an endoplasm, 2 jackals and a giant cockroach.

Vanquished Creatures
  A bat (D:1)
1 creature vanquished.

Notes
Turn   | Place    | Note
-------+----------+-------------------------------------------
     0 | D:1      | McKennaii the Demigod Conjurer began the quest for the Orb.
     0 | D:1      | Reached XP level 1. HP: 14/14 MP: 5/5
    49 | D:1      | Slain by a jackal

Illustrated notes

Levels and vault maps discovered:
D:1:      dpeg_arrival_tiny_h, layout_basic, nicolae_ecumenical_lake_church

Action                     || total
---------------------------++-------
  Melee: Unarmed           ||    11
         Punch             ||     1
   Cast: Magic Dart        ||     4
 Armour: Robe              ||     1
  Dodge: Dodged            ||    23
